 Dungeon Crawl Stone Soup version 0.30.1-3-gfc49f6343a (console) character file.

Game seed: 3494269807253296365

53 KalinkaMalinka the Grave Robber (level 3, 0/19 HPs)
             Began as a Deep Elf Necromancer on July 24, 2023.
             Succumbed to an adder's poison
             ... on level 2 of the Dungeon on July 25, 2023.
             The game lasted 00:11:15 (1546 turns).

KalinkaMalinka the Grave Robber (DENe)              Turns: 1546, Time: 00:11:15

Health: 0/19       AC:  4    Str:  5    XL:     3   Next: 64%
Magic:  6/11       EV: 12    Int: 21    God:
Gold:   65         SH:  0    Dex: 15    Spells: 10/11 levels left

rFire   . . .        (no weapon)
rCold   . . .        (no shield)
rNeg    . . .        a - +0 robe
rPois   .            (no helmet)
rElec   .            (no cloak)
rCorr   .            k - +0 pair of gloves
SInv    .            j - +0 pair of boots
Will    .....        (no amulet)
Stlth   ++           (no ring)
HPRegen 0.23/turn    (no ring)
MPRegen 0.12/turn

%: no passive effects
@: lethally poisoned (0 -> -5), hasted, very quick
A: no striking features
a: no special abilities


You were on level 2 of the Dungeon.
You visited 1 branch of the dungeon, and saw 2 of its levels.

You collected 65 gold pieces.

Inventory:

Armour
 a - a +0 robe (worn)
 j - a +0 pair of boots (worn)
 k - a +0 pair of gloves (worn)
Scrolls
 c - a scroll of enchant armour {unknown}
 d - 2 scrolls of identify {unknown}
 f - 3 scrolls of teleportation {unknown}
 g - a scroll of fear {unknown}
 m - a scroll of amnesia {unknown}
 n - 2 scrolls of immolation {unknown}
Potions
 b - a potion of magic
 e - a potion of haste
 h - a potion of might {unknown}
 i - a potion of invisibility {unknown}
 l - a potion of curing {unknown}


   Skills:
 + Level 2.5 Dodging
 + Level 2.5 Stealth
 + Level 4.6 Spellcasting
 + Level 5.5 Necromancy


You had 10 spell levels left.
You knew the following spells:

 Your Spells              Type           Power      Damage    Failure   Level
a - Necrotise             Necr           100%       1d9       1%          1

Your spell library contained the following spells:

 Spells                   Type           Power      Damage    Failure   Level
 Vampiric Draining        Necr           28%        2d8       3%          3
 Slow                     Hex            16%        N/A       12%         1
 Summon Small Mammal      Summ           16%        N/A       12%         1
 Animate Dead             Necr           28%        N/A       12%         4
 Poisonous Vapours        Pois/Air       8%         N/A       17%         2
 Agony                    Necr           28%        N/A       32%         5
 Call Canine Familiar     Summ           4%         N/A       34%         3
 Confusing Touch          Hex            4%         N/A       34%         3
 Gell's Gravitas          Tloc           4%         N/A       34%         3
 Mephitic Cloud           Conj/Pois/Air  4%         N/A       34%         3
 Summon Guardian Golem    Hex/Summ       4%         N/A       34%         3
 Teleport Other           Tloc           4%         N/A       34%         3
 Freezing Cloud           Conj/Ice/Air   2%         6-21      97%         5
 Dispersal                Tloc           2%         N/A       100%        6


Dungeon Overview and Level Annotations

Branches:
Dungeon (2/15)

Altars:


Message History

Casting: Necrotise (safe; 1% risk of failure)
Confirm with . or Enter, or press ? or * to list all spells.
Aiming: Necrotise (safe; 1% risk of failure)
Press: ? - help, Shift-Dir - straight line, f/p - adder
Aim: an adder (heavily wounded, not watching you, ally target, chance to affect: 88%)
The adder writhes in agony.
You kill the adder!
The dead are slithering!
You feel sick.
Your bat skeleton crumbles into dust!
The adder bites you but does no damage. The adder attacks as you move away!
The adder barely misses you.
You feel sick. The adder barely misses you.
Your adder skeleton bites the adder.
You feel sick. The adder attacks as you move away! The adder barely misses you.
You feel sick.
You feel sick. The adder misses you.
You see here a +1 helmet.
You feel sick.
You are no longer poisoned.
Your adder skeleton closely misses the adder.
Your magical contamination has completely faded away.
The adder bites you.
You are poisoned.
The adder poisons you! The adder attacks as you move away! The adder bites you.
You are lethally poisoned!
The adder poisons you!
* * * LOW HITPOINT WARNING * * *
You feel very sick.
Casting: Necrotise (safe; 1% risk of failure)
Confirm with . or Enter, or press ? or * to list all spells.
Aiming: Necrotise (safe; 1% risk of failure)
Press: ? - help, Shift-Dir - straight line, f - adder
Aim: an adder (moderately wounded, ally target, chance to affect: 88%)
The adder writhes in agony!
You kill the adder!
The dead are slithering!
* * * LOW HITPOINT WARNING * * *
You feel sick.
It was a potion of haste.
You feel yourself speed up.
You die...

..### #
######...###)#
............
#.......# ..
#.....).# #..
#.......####
....
#..........##
#...
#......###..####
#.. #...@.Z#
##....####..
#......#
####.......
#...Z..#
#####...
#......#####
#....
#...[.......
#....
######.........
#....
#..............
#....
#.......#######
##.## #.......#
#.#


You could see 2 friendly adder skeletons.

Vanquished Creatures
  3 adders (D:2)
  A dart slug (D:1)
  An endoplasm (D:1)
  A giant cockroach (D:2)
  A jackal (D:2)
  3 kobolds
  A quokka (D:2)
  5 ball pythons
  2 bats
  3 frilled lizards (D:2)
  3 goblins (D:2)
  3 rats
27 creatures vanquished.

Notes
Turn   | Place    | Note
-------+----------+-------------------------------------------
     0 | D:1      | KalinkaMalinka the Deep Elf Necromancer began the quest for
                  | the Orb.
     0 | D:1      | Reached XP level 1. HP: 10/10 MP: 6/6
   169 | D:1      | Reached skill level 5 in Necromancy
   305 | D:1      | Reached XP level 2. HP: 15/15 MP: 5/8
  1452 | D:2      | Reached XP level 3. HP: 19/19 MP: 4/10
  1546 | D:2      | Succumbed to an adder's poison

Illustrated notes

Levels and vault maps discovered:
D:1:      minmay_arrival_three_doors, layout_basic, serial_bayou_pond_e
D:2:      kennysheep_six_static_rooms, layout_basic, st_stairs_13,
          hex_intersection

Skill      XL: |  1  2 |
---------------+-------+-----
Necromancy     | 5 |  5.5
Spellcasting   | 4 |  4.6
Dodging        | |  2.5
Stealth        | |  2.5

Action                     || total
---------------------------++-------
   Cast: Necrotise         ||    69
    Use: Potion            ||     1
 Armour: Robe              ||     2
  Dodge: Dodged            ||    10
